 Dungeon Crawl Stone Soup version 0.30-b1-2-g02819fbbbe (webtiles) character file.

Game seed: 14959584637370651016

103 Shirokaze the Covered (level 4, 0/40 HPs)
             Began as an Armataur Fighter on May 30, 2023.
             Slain by a black bear (4 damage)
             ... on level 4 of the Dungeon.
             The game lasted 00:12:15 (3056 turns).

Shirokaze the Covered (Armataur Fighter)            Turns: 3056, Time: 00:12:16

Health: 0/40       AC:  8    Str: 24    XL:     4   Next: 51%
Magic:  4/4        EV:  6    Int:  8    God:
Gold:   234        SH:  4    Dex:  9    Spells: 3/3 levels left

rFire   . . .        a - +0 war axe
rCold   + . .        c - +0 buckler
rNeg    . . .        n - +0 chain mail
rPois   .            (no helmet)
rElec   .            (no cloak)
rCorr   .            (no gloves)
SInv    .            (no barding)
Will    .....        (no amulet) Stlth
                     g - ring of protection from cold
HPRegen 0.26/turn    (no ring)
MPRegen 0.09/turn

%: roll
@: no status effects
A: large, rugged brown scales 3, deformed body, armoured tail, roll, long
tongue, awkward tongue
a: no special abilities


You were on level 4 of the Dungeon.
You visited 1 branch of the dungeon, and saw 4 of its levels.

You collected 234 gold pieces.

Inventory:

Hand Weapons
 a - a +0 war axe (weapon)
Armour
 c - a +0 buckler (worn)
 n - a +0 chain mail (worn)
Jewellery
 g - a ring of protection from cold (left hand)
Wands
 p - a wand of flame (13)
Scrolls
 b - a scroll of amnesia
 f - 2 scrolls of teleportation
 h - a scroll of enchant armour
 r - a scroll of fog {unknown}
 s - a scroll of fear
Potions
 d - a potion of might
 e - a potion of heal wounds {unknown}
 i - 2 potions of haste {unknown}
 j - a potion of lignification
 k - a potion of flight
 l - 2 potions of mutation {unknown}
 m - 2 potions of attraction {unknown}
 o - a potion of curing {unknown}
 q - 2 potions of degeneration {unknown}
 t - a potion of berserk rage {unknown}


   Skills:
 + Level 3.1 Fighting
 + Level 2.6 Axes
 + Level 4.6 Armour
 + Level 0.2 Dodging
 + Level 0.5 Stealth
 + Level 3.7 Shields


You had 3 spell levels left.
You didn't know any spells.
Your spell library was empty.

Dungeon Overview and Level Annotations

Branches:
Dungeon (4/15)
 Temple: D:4-7

Altars:
Nemelex Xobeh

Annotations:
D:4 Blork the orc


Innate Abilities, Weirdness & Mutations

You are completely covered in rugged brown scales. (AC +3, +7% HP)
Armour fits poorly on your strangely shaped body.
You have a long armoured tail.
You roll when moving toward enemies. (Rampage)
Your long tongue fully drains potion bottles. (2x potion effects)
Your tongue gives you trouble enunciating. (1.5x scroll delay)


Message History

The black bear barely misses you. The black bear bites you.
The black bear claws you.
The black bear claws you but does no damage.
You barely miss the black bear.
The black bear is heavily wounded.
The black bear completely misses you.
The black bear claws you but does no damage.
The black bear closely misses you.
You hit the black bear.
The black bear is severely wounded.
The black bear bites you but does no damage.
The black bear barely misses you.
The black bear claws you but does no damage.
You block the black bear's attack. The black bear barely misses you.
You block the black bear's attack.
You hit the black bear.
The black bear is severely wounded.
The black bear goes berserk!
You barely miss the black bear.
The black bear is severely wounded.
The black bear closely misses you. The black bear claws you.
The black bear closely misses you. The black bear bites you!
You block the black bear's attack. The black bear barely misses you.
You barely miss the black bear.
The black bear is severely wounded.
The black bear bites you!
* * * LOW HITPOINT WARNING * * *
You block the black bear's attack. x2; The black bear bites you!
* * * LOW HITPOINT WARNING * * *
The black bear barely misses you. x2
The black bear rages.
The black bear completely misses you. You block the black bear's attack.
The black bear claws you but does no damage.
The black bear bites you.
* * * LOW HITPOINT WARNING * * *
You block the black bear's attack. x2
You hit the black bear.
Your tail-slap misses the black bear.
The black bear is almost dead.
The black bear bites you.
You die...

#.### #.#############
#....#####.##..........#
#...........#..........#
...##.####.......†.....# .
#.#####..##'##############
#....###.........# #....#
####.######..###.# #.##.#
#......# #...##.####.##.#
#......# #.@.##.......#.#
##......# #.h..#########.#
#.......# ##........####.#
#.......####...>###.#....#
#.#..........#.#..#.#.####
#.#.########.#.#<.#.#.#
#.#.#...# #.#.##.#.#.#
#####.#...#.# #......#.#.#
......###...######....#...#


You could see a black bear (berserk).

Vanquished Creatures
  An orc priest (D:4)
  3 orcs (D:4)
  6 ball pythons
  4 bats (D:1)
  9 endoplasms
  4 giant cockroaches
  4 goblins
  8 hobgoblins
  2 jackals (D:1)
  4 quokkas
  2 frilled lizards
  10 kobolds
  5 rats
62 creatures vanquished.

Vanquished Creatures (others)
  A plant (D:2)
1 creature vanquished.

Grand Total: 63 creatures vanquished

Notes
Turn   | Place    | Note
-------+----------+-------------------------------------------
     0 | D:1      | Shirokaze the Armataur Fighter began the quest for the Orb.
     0 | D:1      | Reached XP level 1. HP: 19/19 MP: 1/1
   234 | D:1      | Reached XP level 2. HP: 20/26 MP: 2/2
   406 | D:1      | Reached skill level 4 in Armour
   769 | D:1      | Reached XP level 3. HP: 33/33 MP: 3/3
  1146 | D:2      | Found a sparkling altar of Nemelex Xobeh.
  2650 | D:4      | Noticed a black bear
  2768 | D:4      | Reached XP level 4. HP: 15/40 MP: 4/4
  2889 | D:4      | Noticed Blork the orc
  3056 | D:4      | Slain by a black bear

Illustrated notes

Levels and vault maps discovered:
D:1:      minmay_arrival_open_corners, layout_loops_ring, nicolae_hexahallways
D:2:      layout_rooms, basic_altar, serial_forest,
          infiniplex_forest_clump_diagonal, infiniplex_forest_3_way,
          infiniplex_forest_straight_3, infiniplex_forest_pool,
          infiniplex_forest_clump_C, infiniplex_forest_lined_3,
          infiniplex_forest_side_room
D:3:      minmay_skewed_foursquare, layout_loops_corners, minmay_crystal_room,
          roderic_serpentine_path
D:4:      layout_basic, uniq_blork_the_orc

Skill      XL: |  1  2  3 |
---------------+----------+-----
Armour         | 4 |  4.6
Fighting       | 3 |  3.1
Axes           | 2 |  2.6
Dodging        | |  0.2
Stealth        | |  0.5
Shields        | |  3.7

Action                     |  1- 3 |  4- 6 || total
---------------------------+-------+-------++-------
  Melee: War axe           |   148 |    16 ||   164
         Tailslap          |    11 |     2 ||    13
    Use: Scroll            |     8 |       ||     8
 Armour: Scale mail        |    68 |       ||    68
         Chain mail        |    12 |    12 ||    24
  Dodge: Dodged            |    42 |    16 ||    58
  Block: Buckler           |    44 |    10 ||    54
